Cogmind - Beta 14 @@@ ROGUE MODE // 2025.01.03 @ 18:55:51 // Winter2022/Polymind Player: Demo Result: Destroyed by X-57 Shotgunner with High-powered Shotgun Performance ------------- Evolutions (2) 1000 Regions Visited (3) 600 Robots Destroyed (20) 100 Value Destroyed (538) 538 Prototype IDs (1) 20 Alien Tech Used (0) 0 Bonus (880) 880 TOTAL SCORE: 2788 Bonus ------- Polymind Skill 880 Cogmind --------- Core Integrity 0/550 Matter 0/0 Energy 110/110 System Corruption 0% Temperature Cool (55) Movement Walking (120) Location -8/Materials Parts ------- > --- POWER (1) -------- Light Nuclear Core > --- PROPULSION (2) --- Aluminum Leg Aluminum Leg > --- UTILITY (1) ------ Improved Heat Sink > --- WEAPON (1) ------- Particle Gun > --- INVENTORY (1) ---- (None) Peak State ------------ > --- POWER ------------ Light Nuclear Core > --- PROPULSION ------- Aluminum Leg Aluminum Leg > --- UTILITY ---------- Improved Heat Sink > --- WEAPON ----------- Particle Gun > --- INVENTORY -------- (None) [Rating: 10] Favorites ----------- Power Ion Engine Engine Ion Engine Power Core Light Nuclear Core Propulsion Aluminum Leg Treads Light Treads Leg Aluminum Leg Utility Heat Sink Device Heat Sink Storage Medium Storage Unit Processor Transport Network Coupler Weapon Small Laser Energy Gun Small Laser Build | -11 -10 -9 -8 ------- Run | Yrd Mat Mat Mat Slots Evolved . | . . . . Power . | . . . . Propulsion . | . . . . Utility . | . . . . Weapon . | . . . . Parts Attached . | . . . . Power . | . . . . Engine . | . . . . Core . | . . . . Reactor . | . . . . Propulsion . | . . . . Treads . | . . . . Leg . | . . . . Wheel . | . . . . Hover . | . . . . Flight . | . . . . Utility . | . . . . Device . | . . . . Storage . | . . . . Processor . | . . . . Hackware . | . . . . Protection . | . . . . Artifact . | . . . . Weapon . | . . . . Energy Gun . | . . . . Energy Cannon . | . . . . Ballistic Gun . | . . . . Ballistic Cannon . | . . . . Launcher . | . . . . Special Weapon . | . . . . Impact Weapon . | . . . . Slashing Weapon . | . . . . Piercing Weapon . | . . . . Special Melee Weapon . | . . . . Unidentified Prototypes . | . . . . Parts Lost 5 | . . 2 3 Power 1 | . . 1 . Propulsion 2 | . . . 2 Utility 1 | . . 1 . Weapon 1 | . . . 1 Highest Loss Streak 2 | . . 1 2 To Critical Strikes . | . . . . Average Slot Usage (%) 69 | . 77 89 62 Engine 4 | . 15 11 . Core 2 | . . . 4 Treads 1 | . . . 1 Leg 32 | . 31 40 30 Device 8 | . 15 17 5 Energy Gun 18 | . 15 20 18 Peak Build Rating 10 | . 5 5 10 Average Rating 4 | . 3 4 4 On Entrance 2 | . . 5 3 Naked Turns 41 | . 27 . 14 Heaviest Build 15 | . 7 7 15 Greatest Support 46 | 3 20 20 46 Greatest Overweight (x) . | . . . . Average Overweight (x) . | . . . . Largest Inventory Capacity 6 | . 1 1 6 Average Capacity 1 | . . 1 1 Most Carried 6 | . . . 6 Average Carried . | . . . . Final Capacity 1 | . 1 1 1 Final Carried . | . . . . Class Distribution -------------------- 91% | Grunt 4% | Cogmind 3% | Hauler Dominant Class ---------------- Grunt | -10/Materials Grunt | -9/Materials Grunt | -8/Materials Resources | -11 -10 -9 -8 ----------- Run | Yrd Mat Mat Mat Matter Collected . | . . . . Remotely . | . . . . Salvage Created 444 | . 106 183 155 Parts 40 | . 12 11 17 Haulers Intercepted . | . . . . Recyclers Shooed 1 | . . 1 . Parts Field Recycled . | . . . . Retrieved Matter . | . . . . Parts Self-Destructed . | . . . . Prevented . | . . . . Kills | -11 -10 -9 -8 ------- Run | Yrd Mat Mat Mat Combat Hostiles Destroyed 16 | . 5 3 8 Guns 16 | . 5 3 8 Classes Destroyed 6 | . 2 2 2 Worker 2 | . . 2 . Builder 1 | . . 1 . Watcher 1 | . . . 1 Swarmer 5 | . 3 . 2 Grunt 8 | . 2 3 3 Sentry 3 | . . . 3 Best Kill Streak 5 | . 5 2 5 Combat Bots Only 5 | . 5 1 5 Max Kills in Single Turn 1 | . 1 1 1 Gunslinging . | . . . . Exploded . | . . . . Melee . | . . . . Uniques/NPCs Destroyed . | . . . . Combat | -11 -10 -9 -8 -------- Run | Yrd Mat Mat Mat Hostile Shots Fired 121 | . 16 34 71 Missed 35 | . 2 10 23 Damage Taken 1302 | . 142 265 895 Core 668 | . 41 76 551 Absorbed by Shields . | . . . . Core Remaining (%) 88 | 100 83 81 . Volleys Fired 109 | . 16 44 49 Largest 1 | . 1 1 1 Hottest 65 | . 40 40 65 Shots Fired 109 | . 16 44 49 Gun 109 | . 16 44 49 Cannon . | . . . . Launcher . | . . . . Special . | . . . . Kinetic . | . . . . Thermal 109 | . 16 44 49 Explosive . | . . . . Electromagnetic . | . . . . Robot Hit Streak 12 | . 12 9 11 Robot Miss Streak 6 | . 1 3 6 Penetration Max . | . . . . Secondary Targets . | . . . . Shots Hit Robots 74 | . 15 33 26 Core Hits 35 | . 7 11 17 Critical Kills . | . . . . Critical Parts Destroyed . | . . . . Critical Strikes 2 | . . . 2 Burn 2 | . . . 2 Melee Attacks . | . . . . Impact . | . . . . Slashing . | . . . . Piercing . | . . . . Sneak Attacks . | . . . . Combat Hostiles . | . . . . Follow-up Attacks . | . . . . Damage Inflicted 1095 | . 181 370 544 Guns 923 | . 181 366 376 Cannons . | . . . . Explosions 141 | . . . 141 Melee . | . . . . Ramming 31 | . . 4 27 Kinetic . | . . . . Thermal 1064 | . 181 366 517 Explosive . | . . . . Electromagnetic . | . . . . Impact . | . . . . Slashing . | . . . . Piercing . | . . . . Highest Corruption . | . . . . Average Corruption . | . . . . Corruption Purged . | . . . . Corruption Blocked . | . . . . Overload Shots . | . . . . Overflow Damage 76 | . . . 76 Projectiles . | . . . . Explosions 76 | . . . 76 Melee . | . . . . Knockbacks . | . . . . Impact . | . . . . Kinetic . | . . . . Secondary . | . . . . Self-Inflicted Damage . | . . . . Shots . | . . . . Rammed 8 | . . . 8 Targets Rammed 11 | . . 2 9 Kicked 3 | . . 2 1 Crushed . | . . . . Highest Temperature 61 | . 40 40 61 Average Temperature 21 | . 24 16 21 Received Heat Transfer 534 | . 66 144 324 Siege Activations . | . . . . Robots Corrupted . | . . . . Combat Hostiles . | . . . . Parts Fried . | . . . . Impact Corruptions . | . . . . Robots Melted . | . . . . Combat Hostiles . | . . . . Parts Melted 4 | . 1 1 2 Heat Transferred 2264 | . 375 775 1114 Parts Sabotaged . | . . . . Parts Stolen . | . . . . Parts Stripped . | . . . . Power Chain Reactions . | . . . . Alert | -11 -10 -9 -8 ------- Run | Yrd Mat Mat Mat Peak Influence 377 | . 135 161 377 Initial 67 | . . 56 67 Average 153 | . 52 105 187 Maximum Alert Level 1 | . . . 1 Low Security (%) 74 | 100 100 100 61 Level 1 25 | . . . 38 Level 2 . | . . . . Level 3 . | . . . . Level 4 . | . . . . Level 5 . | . . . . High Security . | . . . . Max Security . | . . . . Squads Dispatched 7 | . 2 2 3 Investigation 3 | . . 2 1 Extermination . | . . . . Reinforcement 4 | . 2 . 2 Assault . | . . . . Garrison . | . . . . Intercept . | . . . . Searches Triggered . | . . . . Construction Impeded . | . . . . Haulers Reinforced . | . . . . Active Scanning Responses . | . . . . Cargo Convoy Interrupts . | . . . . Stealth | -11 -10 -9 -8 --------- Run | Yrd Mat Mat Mat Distress Signals 2 | . 1 1 . Communications Jammed . | . . . . Distress Signals . | . . . . Times Spotted 42 | . 10 5 27 Peak Tracking Total 10 | . 6 3 10 Tactical Retreats 1 | . . . 1 Traps | -11 -10 -9 -8 ------- Run | Yrd Mat Mat Mat Traps Triggered 2 | . . 1 1 Indirectly . | . . . . Trap Hack Attempts . | . . . . Triggered . | . . . . Disarmed . | . . . . Reprogrammed . | . . . . Reused . | . . . . Traps Extracted . | . . . . Installed . | . . . . Triggered . | . . . . Objects Rigged 5 | . . . 5 Exploded 1 | . . . 1 Machines | -11 -10 -9 -8 ---------- Run | Yrd Mat Mat Mat Machines Disabled 1 | . . . 1 Max in Single Turn 1 | . . . 1 Machines Repaired . | . . . . Machines Dismantled . | . . . . Machines Sabotaged . | . . . . Overloaded Fab Kills . | . . . . Hacking | -11 -10 -9 -8 --------- Run | Yrd Mat Mat Mat Machines Accessed 3 | . . 1 2 Terminals 3 | . . 1 2 Fabricators . | . . . . Repair Stations . | . . . . Recycling Units . | . . . . Scanalyzers . | . . . . Garrison Access . | . . . . Total Hacks 8 | . . 3 5 Successful 2 | . . . 2 Failed 6 | . . 3 3 Catastrophic 2 | . . 1 1 Database Lockouts . | . . . . Manual 8 | . . 3 5 Terminals 8 | . . 3 5 Fabricators . | . . . . Repair Stations . | . . . . Recycling Units . | . . . . Scanalyzers . | . . . . Garrison Access . | . . . . Terminal Hacks . | . . . . Fabricator Hacks . | . . . . Repair Station Hacks . | . . . . Recycling Unit Hacks . | . . . . Scanalyzer . | . . . . Garrison Access Hacks . | . . . . Unauthorized Hacks 2 | . . . 2 Terminals 2 | . . . 2 Detonate 2 | . . . 2 Fabricators . | . . . . Repair Stations . | . . . . Recycling Units . | . . . . Scanalyzers . | . . . . Garrison Access . | . . . . Data Cores Recovered . | . . . . Used . | . . . . Hacking Detections 3 | . . 1 2 Full Trace Events 2 | . . 1 1 Feedback Events . | . . . . Feedback Blocked . | . . . . Robot Schematics Acquired . | . . . . Robots Built . | . . . . Authchips . | . . . . Time . | . . . . Total Robot Build Rating . | . . . . Part Schematics Acquired . | . . . . Parts Built . | . . . . Authchips . | . . . . Time . | . . . . Total Part Build Rating . | . . . . Parts Repaired . | . . . . Time . | . . . . Parts Recycled . | . . . . Recycled Matter . | . . . . Retrieved Matter . | . . . . Retrieved Components . | . . . . Parts Scanalyzed . | . . . . Part Schematics Acquired . | . . . . Parts Damaged . | . . . . Bothacking | -11 -10 -9 -8 ------------ Run | Yrd Mat Mat Mat Used RIF Installer . | . . . . Robots Hacked 3 | . 1 . 2 Non-combat 1 | . . . 1 Combat 2 | . 1 . 1 Robot Hacks Applied 4 | . 1 . 3 locate_stockpiles 1 | . . . 1 find_shortcuts 2 | . 1 . 1 find_garrison 1 | . . . 1 Relay Couplers Released . | . . . . Fabnet Peak Effective % . | . . . . Robots Rewired . | . . . . Allies Hacked . | . . . . Hacks Repelled . | . . . . Allies | -11 -10 -9 -8 -------- Run | Yrd Mat Mat Mat Total Allies . | . . . . Largest Group . | . . . . Highest-Rated Group . | . . . . Highest-Rated Ally . | . . . . Total Orders . | . . . . Ally Attacks . | . . . . Total Damage . | . . . . Kills . | . . . . Allies Corrupted . | . . . . Allies Melted . | . . . . Intel | -11 -10 -9 -8 ------- Run | Yrd Mat Mat Mat Robot Analysis Total 3 | . 1 . 2 Derelict Logs Recovered . | . . . . Drone Launches . | . . . . Drone Recoveries . | . . . . Exploration | -11 -10 -9 -8 ------------- Run | Yrd Mat Mat Mat Turns Passed 844 | 9 90 177 568 Spaces Moved 537 | 19 74 71 373 Core 98 | 19 53 . 26 Treads 12 | . . . 12 Legs 427 | . 21 71 335 Wheels . | . . . . Hover . | . . . . Flight . | . . . . Fastest Speed 50 | 50 50 120 50 Average Speed 108 | 50 69 120 116 Slowest Speed 160 | 50 120 120 160 Overloaded Moves . | . . . . Propulsion Burnouts . | . . . . Robots Hopped . | . . . . Cave-ins Triggered . | . . . . Exploration Rate (%) 19 | 3 26 14 35 Regions Visited 3 Branch Regions . Pre-discovered Areas . | . . . . Known Exits Taken . | . . . . Unknown Exits Taken 3 | 1 1 1 . Scrap Searched . | . . . . Spaces Dug . | . . . . Terrain Destroyed 45 | . . . 45 Melee . | . . . . Projectile . | . . . . AOE 45 | . . . 45 Terrain Rammed . | . . . . Walls Destroyed . | . . . . Machines Disabled . | . . . . Actions | -11 -10 -9 -8 --------- Run | Yrd Mat Mat Mat Total 685 | 18 96 118 453 Wait 31 | . 7 2 22 Move 534 | 18 73 70 373 Hop . | . . . . Pick Up . | . . . . Fast Attach . | . . . . Attach . | . . . . Detach . | . . . . Swap . | . . . . Drop . | . . . . Fire 109 | . 16 44 49 Melee . | . . . . Ram . | . . . . Kick 3 | . . 2 1 Crush 8 | . . . 8 Escape Stasis . | . . . . Rewire . | . . . . Trap . | . . . . Miscellaneous . | . . . . Route ------- -11/Scrapyard -10/Materials -9/Materials -8/Materials History --------- Turn | Location | Event 3 | -11/Scrapyard | Discovered new exit (range 16) 10 | -11/Scrapyard | Entered Materials 96 | -10/Materials | Discovered new exit (range 4) 100 | -10/Materials | Entered another Materials area 229 | -9/Materials | Discovered new exit (range 8) 277 | -9/Materials | Entered another Materials area 685 | -8/Materials | Core integrity fell below 50% 714 | -8/Materials | Core integrity fell below 20% 845 | -8/Materials | Destroyed by X-57 Shotgunner with High-powered Shotgun Last Messages --------------- 00725_ Extracted analysis data for G-47 Trooper. 00727_ A-02 Transporter reactivates. 00729_ G-47 Trooper suffers critical hit (Burn). 00731_ G-47 Trooper destroyed. 00740_ Acquired 22 Protomatter. 00748_ R-06 Scavenger collects Aluminum Leg. 00756_ O-16 Technician: "IFF HANDSHAKE FAILED. SECURING TERMINAL." 00803_ Triggered Alarm Trap. 00803_ An alarm sounds. 00803_ ALERT: Alarm triggered, dispatching investigation squad. 00812_ S-10 Pest destroyed. 00826_ Y-45 Defender suffers critical hit (Burn). 00826_ Heat Sink melted. 00826_ Y-45 Defender destroyed. 00833_ Critical hit (Burn: +37). 00837_ U-05 Engineer lays Concrete. 00838_ G-47 Trooper destroyed. Map ----- +----------------------------------------------------+ | +#??????# #?????????? +????????????????????????? | | #??????# #####+##??? #????????????????????????? | | #??????# #### #????????????????????????? | | ######## ] #????????????????????????? | | #????###??#??????????????? | | ### #####+##### #???? ! ??????????????? | | ??# # # #???""" "#?????????????? | | ??# # """"""" # %!! #???""" "#?????????????? | | ??# # """"""" # !! ### """ "#?????????????? | | ??# # """"""" # !! # T#?????????????? | | ??# # """"""" # u/ """ "??????????????? | | ??# # """"""" # # """ "??????????????? | | ??# # ##########u# """ "??????????????? | | ??# # #????????# #? ??????????????? | | ??# ###########????????#u#?######???????????????? | | ??# ### #??????????????#u#??????????????????????? | | ??# # ???????????# #??????????????????????? | | ??# %#"""""""##?????????# #??????????????????????? | | ??#% # " #?????????# #???????=??????????????? | | ###% # % " #?????????# #??????????????????????? | | %# " #?????????#k#??????????????????????? | | + " #?????????# #??????????????????????? | | # " #?????????# #??????????????????????? | | # "##?????????# #??????????????????????? | | #"#"""""#??????????# #??????????????????????? | | #"#"" ###??????????#g#??????????????????????? | | # ###????????????#%#??????????????????????? | | #??????????????#!#??????????????????????? | | ###### ! #??????????????#[#??????????????????????? | | ?????## ##??????????????#%#??????????????????????? | | ??????#%##??######??????#%#??????????????????????? | | ????### "##?! #??????#x#??????????????????????? | | ????# # =#??????%**??????????????????????? | | ???## # """ #??????*""??????????????????????? | | ???+ + """ #?????? ""??????????????????????? | | ???## # """ !+????+? ""??????????????????????? | | ????# # #?????? ????????????????????????? | | ????##% ##?######?????? ????????????????????????? | | ###### #??????????????#????????????????????????? | | #[ """ +???????????????????????????????????????? | | # "T" % #???????????????????????????????????????? | | # #???????????????????????????????????????? | | # ! "#???????????????????????????????????????? | | # ##???????????????????????????????????????? | | % #????????????????????????????????????????? | | # #????????????????????????????????????????? | | # % ### #????????????????????????????????????????? | | ##+####+##???????????????????????????????????????? | | #???????????????????????????????????????? | | "" """% #???????????????????????????????????????? | +----------------------------------------------------+ Best States ------------- Heat Dissipation 40 Energy Generation 19 Energy Capacity 200 Sight Range 16 Terrain Scan Density 10 Additional Mass Support 6 Evasion (%) 55 Recoil Reduction 2 Item Schematics ----------------- None Robot Schematics ------------------ None Fabricated ------------ Nothing Alien Tech Used ----------------- None Achievements -------------- None Challenges ------------ None Polymind | -11 -10 -9 -8 ---------- Run | Yrd Mat Mat Mat Hosts 3 | . 1 . 2 Combat Hostiles 2 | . 1 . 1 Allies . | . . . . Unique Host Classes 2 | . 1 . 1 Average Host Suspicion 82 | . 99 77 81 Unsuspicious Activity . | . . . . Returns to Shadow . | . . . . Fuzzy Dispatches . | . . . . Protomatter Created 112 | . 11 11 90 Used 50 | . 15 . 35 Decayed 21 | . . . 21 Highest Spend 30 | . 15 . 30 Top 5 Hosts by Kills: G-34 Mercenary (-10/Materials: 10) G-47 Trooper (-8/Materials: 6) Game ------ Seed StormAssembledPrototype Manual? 0 Play Time 00:06:40 Cumulative 121.3 hours Start 2025.01.03 @ 18:51:48 End 2025.01.03 @ 18:55:51 Sessions 1 Manual Loads 0 Difficulty Rogue Special Mode Winter2022/Polymind Game No. 148 Rogue 148 Adventurer 0 Explorer 0 Win Type - Total 1 Types 1/0/0/0/0/0/0/0/0 Lore% 52 Gallery% 67 Achievement% 53 Wizard Run 0 Options --------- Layout 1 ASCII 0 Keyboard 0 Movement Numpad Keybinds 0 Fullscreen 1 Font 24/Smallcaps Map View 50x35 Zoom Use 0% Tactical HUD 1 Map Filters NONE Filters NONE Steam 1 RUN: b988531e-7dc6-4db2-ab35-83031cd2582b